 Dungeon Crawl Stone Soup version 0.29.0-13-gc9e81de378 (webtiles) character file.

Game seed: 8994253169514837150

25 SnakkuSnakku7 the Chopper (level 3, -7/32 HPs)
             Began as a Naga Warper on Sept 9, 2022.
             Mangled by Jessica
             ... wielding a +0 club
              (8 damage)
             ... on level 2 of the Dungeon.
             The game lasted 00:02:28 (1629 turns).

SnakkuSnakku7 the Chopper (Naga Warper)             Turns: 1629, Time: 00:02:29

Health: -7/32      AC:  2    Str: 15    XL:     3   Next: 6%
Magic:  6/6        EV:  9    Int: 13    God:
Gold:   103        SH:  0    Dex: 10    Spells: 6/6 levels left

rFire   . . .      SeeInvis +   a - +0 hand axe
rCold   . . .      Faith    .   (no shield)
rNeg    . . .      Spirit   .   b - +0 leather armour
rPois   +          Reflect  .   (no helmet)
rElec   .          Harm     .   (no cloak)
rCorr   .          Rampage  .   (no gloves)
Will    .....                   (no barding)
Stlth   +.........              (no amulet)
HPRegen 0.10/turn               (no ring)
MPRegen 0.10/turn               (no ring)

@: short of breath, very slow
A: AC +1, large, see invisible, deformed body, poison resistance, slowness 2,
spit poison 1, naga tail 1
a: Spit Poison


You were on level 2 of the Dungeon.
You visited 1 branch of the dungeon, and saw 2 of its levels.

You collected 103 gold pieces.

Inventory:

Hand Weapons
 a - a +0 hand axe (weapon)
Missiles
 d - 7 boomerangs of dispersal
Armour
 b - a +0 leather armour (worn)
Jewellery
 h - an amulet of reflection
Scrolls
 c - a scroll of blinking
 f - a scroll of vulnerability {unknown}
Potions
 e - 2 potions of might
 g - 3 potions of ambrosia {unknown}


   Skills:
 - Level 2.0 Fighting
 + Level 3.4 Axes
 - Level 0.8 Throwing
 - Level 0.7 Armour
 - Level 1.5 Dodging
 - Level 2.0 Spellcasting
 - Level 3.0 Translocations


You had 6 spell levels left.
You didn't know any spells.
Your spell library contained the following spells:

 Spells                   Type           Power      Damage    Failure   Level
 Blink                    Tloc           18%        N/A       14%         2
 Gell's Gravitas          Tloc           9%         N/A       26%         3
 Lesser Beckoning         Tloc           9%         N/A       26%         3
 Teleport Other           Tloc           9%         N/A       26%         3
 Freeze                   Ice            4%         1d3       30%         1
 Manifold Assault         Tloc           9%         N/A       94%         5


Dungeon Overview and Level Annotations

Branches:
Dungeon (2/15)

Altars:

Annotations:
D:2 Jessica


Innate Abilities, Weirdness & Mutations

Your serpentine skin is tough. (AC +1)
You have supernaturally acute eyesight. (SInv)
Armour fits poorly on your strangely shaped body.
Your system is resistant to poisons. (rPois)
You cover ground very slowly.
You can spit poison.
You have a snake-like lower body.


Message History

Jessica the Apprentice Sorceress comes into view.
She is wielding a +0 club.
Jessica casts a spell.
Jessica blinks!
Jessica casts a spell.
Jessica blinks!
Aiming: Spit Poison (2% risk of failure)
Press: ? - help, Q - select action, (/) - cycle Shift-Dir - straight line, f - Jessica
Aim: Jessica, wielding a +0 club and wearing a +1 robe (59% to hit)
The splash of poison hits Jessica but does no damage.
Jessica is poisoned.
Jessica drinks a potion.
Jessica seems to grow stronger.
Jessica gestures at you while chanting. Pain shoots through your body!
Jessica hits you with a +0 club.
You hit Jessica but do no damage. Jessica hits you with a +0 club.
You are too injured to fight recklessly!
You are too injured to fight recklessly!
You hit Jessica but do no damage. Jessica hits you with a +0 club!
* * * LOW HITPOINT WARNING * * *
You hit Jessica but do no damage.
Jessica is lightly wounded.
Jessica looks more healthy.
Jessica casts a spell at you. Pain shoots through your body!
* * * LOW HITPOINT WARNING * * *
You aren't carrying any items that you can evoke.
Unknown command.
You hit Jessica but do no damage.
Jessica is moderately wounded.
You have got your breath back.
Jessica mumbles some strange words.
Aiming: Spit Poison (2% risk of failure)
Press: ? - help, Q - select action, (/) - cycle Shift-Dir - straight line, f/p - Jessica
Aim: Jessica, wielding a +0 club and wearing a +1 robe (moderately wounded, strong, 59% to hit)
The splash of poison hits Jessica.
Jessica is poisoned.
Jessica is severely wounded.
Jessica closely misses you.
You hit Jessica.
Jessica is severely wounded.
Jessica closely misses you. Jessica hits you with a +0 club!
You die...

#.~~≈≈~..### #.~≈≈~~###
#~~≈≈~## #~≈≈~~# #~≈≈~.#
#########~~~#.#
...........##.# #####
#############.####......
#.#..@@.# ##.###### ##


You could see Jessica (strong, poisoned).

Vanquished Creatures
  3 bats
  An endoplasm (D:2)
  A giant cockroach (D:1)
  3 goblins
  A hobgoblin (D:2)
  6 jackals (D:2)
  3 kobolds
  A ball python (D:1)
  3 rats
22 creatures vanquished.

Notes
Turn   | Place    | Note
-------+----------+-------------------------------------------
     0 | D:1      | SnakkuSnakku7 the Naga Warper began the quest for the Orb.
     0 | D:1      | Reached XP level 1. HP: 19/19 MP: 3/3
   481 | D:1      | Reached XP level 2. HP: 19/26 MP: 5/5
  1378 | D:2      | Reached XP level 3. HP: 32/32 MP: 6/6
  1498 | D:2      | Found a faded altar of an unknown god.
  1507 | D:2      | Got Plato's Vellum of Cold
  1620 | D:2      | Noticed Jessica
  1626 | D:2      | HP: 1/32 [Jessica/nerve-wracking pain (5)]
  1629 | D:2      | Mangled by Jessica

Illustrated notes

Levels and vault maps discovered:
D:1:      dreamdust_arrival_beginning_and_end, layout_rooms, st_stairs_11,
          moated_statue
D:2:      wander_river, layout_loops_ring, shapermc_ecumenical_altar_rom_forum,
          uniq_jessica

Skill      XL: |  1  2 |
---------------+-------+-----
Axes           | 3 |  3.4
Fighting       | |  2.0
Throwing       | |  0.8
Armour         | |  0.7
Dodging        | |  1.5
Spellcasting   | |  2.0
Translocations | |  3.0

Action                   || total
-------------------------++-------
Melee: Hand axe          ||    63
       Punch             ||     1
 Abil: Spit Poison       ||     4
Armor: Leather armour    ||    13
Dodge: Dodged            ||    29
